 Dungeon Crawl Stone Soup version 0.17.0-28-g6e173f8 (webtiles) character file.

255 Kjetter the Sneak (level 6, -2/37 HPs)
             Began as a Kobold Assassin on Nov 21, 2015.
             Slain by a phantom (6 damage)
             ... on level 4 of the Dungeon on Nov 22, 2015.
             The game lasted 00:28:57 (2484 turns).

Kjetter the Sneak (Kobold Assassin)                 Turns: 2484, Time: 00:28:57

Health: -2/37      AC:  6    Str:  9    XL:     6   Next: 38%
Magic:  6/6        EV: 16    Int: 10    God:
Gold:   176        SH:  0    Dex: 19    Spells: 0 memorised, 5 levels left

rFire  . . .     SeeInvis .     a - +2 dagger
rCold  . . .     Clarity  .     c - +0 robe
rNeg   + . .     SustAt   .     (shield restricted)
rPois  .         Gourm    .     (no helmet)
rElec  .         Spirit   .     d - +0 cloak
rCorr  .         Warding  +     B - +2 pair of gloves
rMut   .         Stasis   .     (no boots)
MR     .....                    H - amulet of warding
Stlth  ++++......               (no ring)
                                (no ring)

@: not resistant to hostile enchantments, stealthy
A: carnivore 3
a: no special abilities


You were on level 4 of the Dungeon.
You were completely stuffed.

You visited 1 branch of the dungeon, and saw 4 of its levels.

You collected 176 gold pieces.

Inventory:

Hand Weapons
 a - a +2 dagger (weapon)
 b - a +0 blowgun
 s - a cursed +0 dagger
 t - a +0 quarterstaff
 v - a +0 dagger
 I - a +0 dagger
 J - a +0 hunting sling
Missiles
 e - 2 poisoned needles
 f - 2 curare-tipped needles
 r - 15 bolts of flame
 y - 17 arrows
 C - 78 stones (quivered)
Armour
 c - a +0 robe (worn)
 d - a +0 cloak (worn)
 i - a +0 buckler
 j - a +0 buckler
 p - a +0 robe
 A - a +0 pair of gloves
 B - a +2 pair of gloves (worn)
Jewellery
 H - an amulet of warding (around neck)
Scrolls
 h - a scroll of teleportation {unknown}
 l - 3 scrolls of remove curse {unknown}
 m - a scroll of fear {unknown}
 n - 2 scrolls of enchant weapon {unknown}
 q - a scroll of magic mapping {unknown}
 D - 3 scrolls of identify {unknown}
 G - 2 scrolls of fog {unknown}
Potions
 o - a potion of invisibility {unknown}
 u - 2 potions of curing {unknown}
 w - a potion of might
 x - a potion of haste {unknown}
 E - a potion of agility {unknown}
Comestibles
 g - 3 meat rations
 k - 2 bread rations
 z - 5 fruits
 F - a chunk of flesh
 K - a beef jerky


   Skills:
 + Level 3.0 Fighting
 + Level 3.4 Short Blades
 + Level 3.5 Throwing
 + Level 3.1 Dodging
 + Level 7.7 Stealth


You had 5 spell levels left.
You didn't know any spells.

Dungeon Overview and Level Annotations

Branches:
Dungeon (4/15)
 Temple: D:4-7

Altars:
Cheibriados
Elyvilon
Fedhas
Makhleb


Innate Abilities, Weirdness & Mutations

You are small and have problems with some larger weapons.
You are carnivorous and can eat meat at any time.


Message History

You hit the phantom.
The phantom is heavily damaged.
The phantom closely misses you.
You hit the phantom.
The phantom is heavily damaged.
The phantom misses you.
You hit the phantom.
The phantom is severely damaged.
The phantom hits you!
* * * LOW HITPOINT WARNING * * *
The phantom hits you!
* * * LOW HITPOINT WARNING * * *
The phantom blinks!
You hit the phantom.
The phantom is severely damaged.
You barely miss the phantom.
The phantom is severely damaged.
The phantom blinks!
The phantom hits you.
You die...

###. ....
......###.#####
..o..(..((((..#
.......##.###.#
...o.!###># #.#
....o.....# #@#
## #.# #W#####
.. #.# #.....#
.# #.# #####.#
.# ###.### #.#
.# #.....#
####.####
)#######.....#
#.......#
.............#
#.##.##.#
.##.###......#
#.##.##.#


You could see a phantom.

Vanquished Creatures
  An ogre (D:4)
  Terence (D:3)
  A worker ant (D:4)
  7 adders
  A giant gecko (D:2)
  2 orcs (D:3)
  8 bats
  8 goblins
  4 hobgoblins
  3 jackals
  5 kobolds
  2 quokkas
  5 giant cockroaches
  A giant newt (D:1)
  3 rats
52 creatures vanquished.

Notes
Turn   | Place    | Note
--------------------------------------------------------------
     0 | D:1      | Kjetter the Kobold Assassin began the quest for the Orb.
     0 | D:1      | Reached XP level 1. HP: 12/12 MP: 1/1
   168 | D:1      | Reached XP level 2. HP: 8/17 MP: 2/2
   210 | D:1      | Reached skill level 6 in Stealth
   834 | D:2      | Reached XP level 3. HP: 22/22 MP: 3/3
   946 | D:2      | Found a burning altar of Makhleb.
  1087 | D:2      | Found a snail-covered altar of Cheibriados.
  1137 | D:2      | Found a blossoming altar of Fedhas.
  1249 | D:2      | Noticed a balrug
  1252 | D:2      | Noticed a neqoxec
  1252 | D:2      | Noticed an orange demon
  1342 | D:3      | Reached XP level 4. HP: 27/27 MP: 4/4
  1504 | D:3      | Noticed Terence
  1541 | D:3      | Killed Terence
  1541 | D:3      | Reached skill level 7 in Stealth
  1616 | D:3      | Found a white marble altar of Elyvilon.
  1765 | D:3      | Reached XP level 5. HP: 31/31 MP: 5/5
  2339 | D:4      | Noticed an ogre
  2340 | D:4      | Killed an ogre
  2340 | D:4      | Reached XP level 6. HP: 37/37 MP: 6/6
  2446 | D:4      | Noticed a phantom
  2484 | D:4      | Slain by a phantom

Action                   |  1- 3 |  4- 6 || total
-------------------------+-------+-------++-------
Melee: Dagger            |    77 |   108 ||   185
 Fire: Blowgun           |     8 |    17 ||    25
Throw: Stone             |    13 |    28 ||    41
 Stab: Sleeping          |    12 |     9 ||    21
       Distracted        |       |     1 ||     1
  Eat: Chunk             |    10 |     3 ||    13
